 Dungeon Crawl Stone Soup version 0.24-a0-441-g27f0392e16 (webtiles) character file.

Game seed: 11216098597456347085

29244 nikopol the Thaumaturge (level 13, -8/65 HPs)
             Began as a Deep Elf Fire Elementalist on June 19, 2019.
             Was an Elder of Vehumet.
             Mangled by a black mamba (17 damage)
             ... on level 6 of the Lair of Beasts.
             The game lasted 00:52:47 (16857 turns).

nikopol the Thaumaturge (DEFE)                     Turns: 16857, Time: 00:52:48

Health: -8/65      AC:  5    Str:  5    XL:     13   Next: 14%
Magic:  24/33      EV: 13    Int: 31    God:    Vehumet [****..]
Gold:   496        SH: 11    Dex: 15    Spells: 22/41 levels left

rFire    + . .     SeeInvis .   B - +3 hand axe "Sochak" {flame, *Corrode +Blink rPois Int+5}
rCold    x . .     Gourm    .   I - +3 shield
rNeg     . . .     Faith    .   b - +0 robe
rPois    +         Spirit   .   (no helmet)
rElec    .         Reflect  .   H - +0 cloak
rCorr    .         Harm     .   J - +0 pair of gloves {archery}
MR       +....                  d - +0 pair of boots
Stlth    +++.......             i - amulet of regeneration
HPRegen  0.60/turn              j - ring of poison resistance
MPRegen  0.23/turn              e - ring of fire

@: lethally poisoned (-8 -> -13)
A: no striking features
a: Renounce Religion, Evoke Blink


You were on level 6 of the Lair of Beasts.
You worshipped Vehumet.
Vehumet was greatly pleased with you.
You were very hungry.

You visited 2 branches of the dungeon, and saw 15 of its levels.
You also visited: Ossuary, Bailey and Gauntlet.

You collected 946 gold pieces.
You spent 450 gold pieces at shops.

Inventory:

Hand Weapons
 B - the +3 hand axe "Sochak" (weapon) {flame, *Corrode +Blink rPois Int+5}
   (You found it on level 7 of the Dungeon)

   It has been specially enchanted to burn those struck by it, causing extra
   injury to most foes and up to half again as much damage against particularly
   susceptible opponents.
   Big, fiery blades are also staple armaments of hydra-hunters.
   It affects your intelligence (+5).
   It protects you from poison.
   It lets you blink.
   It may corrode you when you take damage.
 R - the +10 flail "Jiam" {flame, rElec rPois SInv Stlth+, unknown}
   (You found it on level 4 of the Lair of Beasts)

   It has been specially enchanted to burn those struck by it, causing extra
   injury to most foes and up to half again as much damage against particularly
   susceptible opponents.
   It insulates you from electricity.
   It protects you from poison.
   It lets you see invisible.
   It makes you more stealthy.
Armour
 b - a +0 robe (worn)
 d - a +0 pair of boots (worn)
 A - a +2 shield of positive energy
 C - the +12 chain mail "Koerumm" {rPois Str+3 Dex+7}
   (You acquired it on level 2 of the Lair of Beasts)

   It affects your strength (+3).
   It affects your dexterity (+7).
   It protects you from poison.
 H - a +0 cloak (worn)
 I - a +3 shield (worn)
 J - a +0 pair of gloves of archery (worn)
Jewellery
 e - a ring of fire (right hand)
 i - an amulet of regeneration (around neck)
 j - a ring of poison resistance (left hand)
 p - an uncursed ring of protection from cold
Wands
 q - a wand of paralysis (17)
 y - a wand of enslavement (11)
 F - a wand of iceblast (8)
 G - a wand of acid (9)
 L - a wand of flame (22)
 P - a wand of random effects (15)
 Q - a wand of disintegration (19)
Scrolls
 a - 4 scrolls of teleportation
 g - 4 scrolls of fear
 h - a scroll of blinking {unknown}
 l - 5 scrolls of remove curse
 t - 2 scrolls of fog
 u - a scroll of summoning {unknown}
 v - 3 scrolls of enchant weapon
 w - a scroll of enchant armour
 E - 2 scrolls of immolation {unknown}
 K - 2 scrolls of vulnerability {unknown}
 M - a scroll of amnesia {unknown}
 N - 5 scrolls of identify
 O - a scroll of magic mapping
Potions
 f - 6 potions of haste
 k - 2 potions of might
 m - a potion of cancellation
 n - 4 potions of agility
 o - 7 potions of curing
 r - a potion of lignification {unknown}
 s - 4 potions of heal wounds
 x - 2 potions of flight
 z - 2 potions of brilliance {unknown}
 D - a potion of degeneration {unknown}
 S - a potion of berserk rage {unknown}
Comestibles
 c - 29 rations


   Skills:
 + Level 1.5 Fighting
 * Level 4.0 Armour
 + Level 5.1 Dodging
 + Level 5.0 Stealth
 * Level 5.2 Shields
 + Level 14.9 Spellcasting
 + Level 12.6 Conjurations
 + Level 0.2 Translocations
 + Level 12.9 Fire Magic


You had 22 spell levels left.
You knew the following spells:

 Your Spells              Type           Power        Failure   Level  Hunger
a - Flame Tongue          Conj/Fire      #####        1%          1    None
b - Throw Flame           Conj/Fire      ######       1%          2    None
c - Conjure Flame         Conj/Fire      ########     1%          3    None
d - Sticky Flame          Conj/Fire      ########     1%          4    None
e - Fireball              Conj/Fire      ########..   1%          5    None
f - Force Lance           Conj/Tloc      ######..     1%          4    None

Your spell library contained the following spells:

 Spells                   Type           Power        Failure   Level  Hunger
 Poison Arrow             Conj/Pois      ######....   21%         6    ###....
 Magic Dart               Conj           ####         1%          1    None
 Sandblast                Erth           ###...       1%          1    None
 Searing Ray              Conj           ######       1%          2    None
 Dazzling Spray           Conj/Hex       ######       1%          3    None
 Inner Flame              Hex/Fire       #######.     1%          3    None
 Stone Arrow              Conj/Erth      ######       1%          3    None
 Fulminant Prism          Conj/Hex       ######....   1%          4    None
 Iskenderun's Mystic Bla  Conj           #######.     1%          4    None
 Throw Icicle             Conj/Ice       ######..     1%          4    None
 Passwall                 Tmut/Erth      ###.....     11%         2    None
 Lee's Rapid Deconstruct  Erth           ###.......   43%         5    None
 Petrify                  Tmut/Erth      ###.....     56%         4    None
 Agony                    Necr           ###.....     89%         5    None
 Borgnjor's Vile Clutch   Necr/Erth      ###.......   89%         5    None


Dungeon Overview and Level Annotations

Branches:
Dungeon (9/15)             Temple (0/1) D:7            Lair (6/6) D:9
 Shoals (0/4) Lair:2       Spider (0/4) Lair:2        Slime (0/5) Lair:5
    Orc: D:9-12

Altars:
Kikubaaqudgha
Nemelex Xobeh
Vehumet
Jiyva

Shops:
D:9 [

Annotations:
D:5 1 runed translucent door
D:6 2 runed translucent doors, zkyp's ghost, novice MiAM
Lair:4 1 runed translucent door, EWolf's ghost, journeyman GrEE


Message History

Casting: Flame Tongue (safe; 1% risk of failure)
Confirm with . or Enter, or press ? or * to list all spells.
Aiming: Flame Tongue (safe; 1% risk of failure)
Press: ? - help, Shift-Dir - straight line, f/p - black mamba
Aim: a black mamba (severely wounded, covered in liquid flames)
You feel a surge of power!
The flame tongue misses the black mamba.
You feel sick.
The black mamba burns!
The black mamba bites you!
Casting: Flame Tongue (safe; 1% risk of failure)
Confirm with . or Enter, or press ? or * to list all spells.
Aiming: Flame Tongue (safe; 1% risk of failure)
Press: ? - help, Shift-Dir - straight line, f/p - black mamba
Aim: a black mamba (severely wounded, covered in liquid flames)
You feel a surge of power!
The flame tongue hits the black mamba but does no damage.
The black mamba is severely wounded.
You feel sick.
The black mamba burns!
The black mamba bites you!
* * * LOW HITPOINT WARNING * * *
The black mamba bites you!
You die...

.....S....
.....^....
.........##
..(......P
.........##
..........#
..........##
.......@...#
..)....S.###
..........#
.........##
P........#
P.........
P.........
PP.......##


You could see a black mamba (burning) and a water moccasin (sleeping).

Vanquished Creatures
  2 hydras
  8 death yaks (Lair:5)
  Pikel (D:8)
  An orc sorcerer (Bailey)
  An orb spider (Lair:2)
  An oklob plant (Lair:4)
  A manticore (Lair:2)
  Maurice (D:8)
  5 black mambas
  8 spiny frogs
  A kobold demonologist (Bailey)
  6 komodo dragons
  Prince Ribbit (D:8)
  3 blink frogs (Lair:3)
  6 hippogriffs
  4 basilisks
  2 wyverns
  A human (D:8)
  24 yaks
  4 hogs (D:8)
  A hungry ghost (D:8)
  7 water moccasins
  6 porcupines
  3 black bears
  5 ice beasts
  3 sky beasts
  10 orc warriors
  A centaur (D:7)
  3 ogres
  11 wolves
  6 crocodiles
  6 bullfrogs
  2 scorpions
  A water moccasin skeleton (D:5)
  6 killer bees (D:7)
  8 howler monkeys
  3 vampire bats (D:5)
  5 electric eels (Bailey)
  A crimson imp (D:7)
  A hound (D:7)
  4 jellies
  5 orc priests
  A bullfrog skeleton (D:5)
  10 orc wizards
  A centaur skeleton (D:9)
  Jessica (D:3)
  5 iguanas
  11 worker ants
  A hound skeleton (D:7)
  2 hound zombies
  A mummy (D:4)
  A worker ant zombie (D:6)
  11 gnolls
  A howler monkey skeleton (D:9)
  14 adders
  3 shadow imps
  4 oozes
  A worm (D:3)
  A dart slug (D:2)
  8 leopard geckos
  30 orcs
  6 bats
  2 bat skeletons (D:5)
  4 bat zombies (D:5)
  12 giant cockroaches
  17 goblins
  17 hobgoblins
  17 jackals
  2 quokkas
  2 ball pythons
  5 frilled lizards
  3 jackal zombies (Ossuary)
  6 kobolds
  A leopard gecko zombie (D:8)
  15 rats
395 creatures vanquished.

Vanquished Creatures (others)
  A slave (D:8)
  A centaur zombie (D:8)
  A worker ant (D:8)
  An adder skeleton (D:8)
  2 fungi (Lair:5)
  8 plants
14 creatures vanquished.

Grand Total: 409 creatures vanquished

Notes
Turn   | Place    | Note
-------+----------+-------------------------------------------
     0 | D:1      | nikopol the Deep Elf Fire Elementalist began the quest for
                  | the Orb.
     0 | D:1      | Reached XP level 1. HP: 10/10 MP: 6/6
    55 | D:1      | Reached XP level 2. HP: 14/15 MP: 2/8
   294 | D:1      | You fall into a shaft and drop 1 floor!
   520 | D:1      | Reached XP level 3. HP: 19/19 MP: 2/10
   524 | D:1      | Learned a level 2 spell: Throw Flame
   528 | D:1      | Learned a level 3 spell: Conjure Flame
  1149 | D:2      | Reached skill level 4 in Spellcasting
  1623 | D:2      | Reached XP level 4. HP: 24/24 MP: 6/12
  2266 | D:3      | Noticed Jessica
  2270 | D:3      | Killed Jessica
  2378 | D:3      | Learned a level 4 spell: Sticky Flame
  2429 | D:3      | Reached XP level 5. HP: 28/28 MP: 6/13
  2619 | D:3      | Reached skill level 5 in Fire Magic
  3068 | D:4      | Reached skill level 5 in Spellcasting
  3082 | D:4      | Reached XP level 6. HP: 32/32 MP: 11/15
  3263 | D:4      | Reached skill level 6 in Spellcasting
  3296 | D:4      | Found a sand-covered staircase.
  3305 | Ossuary  | Entered an ossuary
  3434 | D:4      | Reached XP level 7. HP: 36/36 MP: 0/18
  3782 | D:4      | Got an ancient executioner's axe
  3783 | D:4      | Identified the +3 executioner's axe "Avucyobeh" {pain,
                  | Str+8 Int-4 SInv} (You found it on level 4 of the Dungeon)
  3876 | D:5      | Entered Level 5 of the Dungeon
  4054 | D:5      | Reached skill level 7 in Spellcasting
  4276 | D:5      | Reached skill level 5 in Conjurations
  4293 | D:5      | Found a runed translucent door.
  4294 | D:5      | Found a runed translucent door.
  4391 | D:5      | Reached XP level 8. HP: 41/41 MP: 7/21
  4665 | D:5      | Found an ancient bone altar of Kikubaaqudgha.
  4709 | D:6      | Found a radiant altar of Vehumet.
  4721 | D:6      | Became a worshipper of Vehumet
  4732 | D:6      | Reached skill level 8 in Spellcasting
  4885 | D:6      | Learned a level 5 spell: Fireball
  4890 | D:6      | Learned a level 4 spell: Force Lance
  5088 | D:6      | Found a runed translucent door.
  5089 | D:6      | Noticed zkyp's ghost (novice MiAM)
  5277 | D:6      | Found a runed translucent door.
  5790 | D:7      | Reached * piety under Vehumet
  5790 | D:7      | Offered knowledge of Sting by Vehumet.
  5839 | D:7      | Found a staircase to the Ecumenical Temple.
  5861 | D:7      | Reached skill level 9 in Spellcasting
  5925 | D:7      | Reached XP level 9. HP: 26/46 MP: 10/24
  6752 | D:7      | Got a jewelled hand axe
  6753 | D:7      | Identified the +3 hand axe "Sochak" {flame, *Corrode +Blink
                  | rPois Int+5} (You found it on level 7 of the Dungeon)
  6958 | D:8      | Reached skill level 1 in Fighting
  7018 | D:8      | Reached skill level 10 in Spellcasting
  7070 | D:8      | Reached ** piety under Vehumet
  7070 | D:8      | Offered knowledge of Throw Frost by Vehumet.
  7228 | D:8      | Noticed Pikel
  7236 | D:8      | Killed Pikel
  7236 | D:8      | Reached skill level 11 in Spellcasting
  7236 | D:8      | Reached XP level 10. HP: 36/52 MP: 14/27
  7788 | D:8      | Noticed Prince Ribbit
  7798 | D:8      | Killed Prince Ribbit
  7862 | D:8      | Noticed Maurice
  7865 | D:8      | Killed Maurice
  8284 | D:9      | Found a flagged portal.
  8359 | Bailey   | Entered a bailey
  8398 | Bailey   | Offered knowledge of Ignite Poison by Vehumet.
  8431 | Bailey   | Noticed an orc sorcerer
  8448 | Bailey   | Found an iron altar of Okawaru.
  8465 | Bailey   | Killed an orc sorcerer
  8509 | Bailey   | Reached skill level 10 in Fire Magic
  8536 | Bailey   | Reached skill level 12 in Spellcasting
  8656 | Bailey   | Reached *** piety under Vehumet
  9015 | Bailey   | Identified the +0 plate armour of the Endless Expanse
                  | {*Slow rElec rN+ Str+3}
  9199 | Bailey   | Reached skill level 10 in Conjurations
  9286 | Bailey   | Offered knowledge of Stone Arrow by Vehumet.
  9339 | Bailey   | Identified Sif Muna's Volume of Damaging Darkness
  9749 | D:9      | Found Meapn's Antique Armour Shop.
  9757 | D:9      | Bought a shiny shield for 225 gold pieces
  9757 | D:9      | Bought a pair of embroidered gloves for 225 gold pieces
  9888 | D:9      | Found a staircase to the Lair.
  9922 | D:9      | Reached **** piety under Vehumet
  9980 | D:9      | Offered knowledge of Airstrike by Vehumet.
 10380 | D:9      | Reached XP level 11. HP: 56/56 MP: 18/29
 10447 | Lair:1   | Entered Level 1 of the Lair of Beasts
 10573 | Lair:1   | Reached skill level 1 in Shields
 10587 | Lair:1   | Found a gate leading to a gauntlet.
 10596 | Gauntlet | Entered a Gauntlet
 10596 | Gauntlet | Found a transporter.
 10654 | Gauntlet | Found a transporter.
 10658 | Gauntlet | Found a transporter.
 10658 | Gauntlet | Found a transporter.
 10661 | Gauntlet | Found a transporter.
 10662 | Gauntlet | Found a transporter.
 10667 | Gauntlet | Noticed a wretched star
 10673 | Gauntlet | Noticed a dire elephant
 10675 | Gauntlet | Found a transporter.
 10682 | Gauntlet | Found a transporter.
 10742 | Gauntlet | Found a transporter.
 10755 | Gauntlet | Found a transporter.
 10759 | Gauntlet | Found a transporter.
 10771 | Gauntlet | Found a transporter.
 10773 | Gauntlet | Noticed a balrug
 10919 | Lair:1   | Reached skill level 13 in Spellcasting
 11788 | Lair:2   | Found a staircase to the Shoals.
 11792 | Lair:2   | Reached skill level 5 in Dodging
 11792 | Lair:2   | Reached skill level 5 in Stealth
 12168 | Lair:2   | Found a hole to the Spider Nest.
 12170 | Lair:2   | Noticed an orb spider
 12172 | Lair:2   | Killed an orb spider
 12372 | Lair:2   | Got a brightly glowing chain mail
 12405 | Lair:2   | Identified the +12 chain mail "Koerumm" {rPois Str+3 Dex+7}
                  | (You acquired it on level 2 of the Lair of Beasts)
 13057 | Lair:3   | Reached skill level 1 in Armour
 13057 | Lair:3   | Reached XP level 12. HP: 61/61 MP: 17/31
 13263 | Lair:3   | Reached ***** piety under Vehumet
 13264 | Lair:3   | Offered knowledge of Poison Arrow by Vehumet.
 13621 | Lair:3   | Noticed a six-headed hydra
 14003 | Lair:3   | Killed a six-headed hydra
 14192 | Lair:4   | Found a runed translucent door.
 14192 | Lair:4   | Noticed EWolf's ghost (journeyman GrEE)
 14209 | Lair:3   | Reached skill level 14 in Spellcasting
 14522 | Lair:4   | Found a sparkling altar of Nemelex Xobeh.
 14686 | Lair:4   | Got a smoking flail
 15228 | Lair:4   | Noticed an eight-headed hydra
 15231 | Lair:4   | Killed an eight-headed hydra
 15477 | Lair:5   | Noticed a death yak
 15628 | Lair:5   | Noticed a death yak
 15647 | Lair:5   | Killed a death yak
 15652 | Lair:5   | Noticed a death yak
 16380 | Lair:5   | Noticed a death yak
 16383 | Lair:5   | Noticed a death yak
 16383 | Lair:5   | Noticed a death yak
 16385 | Lair:5   | Killed a death yak
 16385 | Lair:5   | Noticed a death yak
 16391 | Lair:5   | Noticed a death yak
 16403 | Lair:5   | Killed a death yak
 16613 | Lair:5   | Found a viscous altar of Jiyva.
 16614 | Lair:5   | Found a staircase to the Slime Pits.
 16694 | Lair:5   | Killed a death yak
 16694 | Lair:5   | Reached skill level 5 in Shields
 16694 | Lair:5   | Reached XP level 13. HP: 46/65 MP: 17/33
 16850 | Lair:6   | Entered Level 6 of the Lair of Beasts
 16857 | Lair:6   | Mangled by a black mamba

Levels and vault maps discovered:
D:1:      onia_arrival_handbag, layout_loops_corners, minmay_rat_gold_closets
D:2:      layout_loops_corners, first_ration, item_on_display_b
D:3:      layout_basic, grunt_ministairs_5, uniq_jessica
D:4:      minmay_octagon_keep, layout_cave_pools,
          lightli_ossuary_entry_decrepit_ruins
D:5:      lemuel_insect_pit, layout_rooms, kennysheep_vampire_church
D:6:      layout_loops_ring, old_standard_altar, ebering_ghost_sewer_f
D:7:      minmay_evil_eye, layout_loops_ring, minmay_temple_entry_sparse_star
D:8:      layout_basic, grunt_livestock, lemuel_flamethrower_2,
          uniq_prince_ribbit1, uniq_pikel, uniq_maurice
D:9:      layout_irregular_city, david_lair_shrubbed, enter_bailey_6,
          serial_column_ruins, column_ruins_corridor_T, column_ruins_open_small,
          column_ruins_columns_straight, column_ruins_grid_1, serial_shops,
          nicolae_shop_overgrown_old_shop
Lair:1:   layout_chaotic_city, gauntlet_entry_generic, st_stairs_5,
          grunt_megastairs_4, serial_bayou_shore_b
Lair:2:   layout_chaotic_city, minmay_shoals_entry_beasts,
          nicolae_spider_entry_orb_guardian
Lair:3:   layout_layer_cave, infiniplex_staircase_pool, grunt_megastairs_3,
          serial_bayou_shore_b
Lair:4:   layout_cave_pods, basic_altar, hellmonk_ghost_happy_afterlife
Lair:5:   layout_cave_pods, dpeg_slime_entry_enclosed_altar
Lair:6:   hangedman_lair_tendril_chambers, layout_regular_city,
          hangedman_lair_caniforms_friends, serial_bayou_shore_b,
          lemuel_fruit_tree

Skill      XL: |  1  2  3  4  5  6  7  8  9 10 11 12 13 |
---------------+----------------------------------------+-----
Fire Magic     | 4 5 6 7 9 10 11 12 | 12.9
Spellcasting   | 4 5 6 7 9 11 12 13 14 | 14.9
Conjurations   | 2 4 5 7 8 10 11 12 | 12.6
Stealth        | 3 4 5 |  5.0
Dodging        | 3 4 5 |  5.1
Fighting       | 1 |  1.5
Shields        | 3 5 |  5.2
Armour         | 1 3 4 |  4.0
Translocations | |  0.2

Action                   |  1- 3 |  4- 6 |  7- 9 | 10-12 | 13-15 || total
-------------------------+-------+-------+-------+-------+-------++-------
Melee: Dagger            |     1 |       |     1 |       |       ||     2
       Hand axe          |       |       |     1 |       |       ||     1
 Cast: Flame Tongue      |    86 |   109 |   221 |   331 |     6 ||   753
       Throw Flame       |       |     6 |     7 |    26 |       ||    39
       Sticky Flame      |       |     1 |    29 |    91 |     2 ||   123
       Conjure Flame     |       |       |     3 |     1 |       ||     4
       Fireball          |       |       |     3 |    70 |     5 ||    78
       Force Lance       |       |       |     1 |       |       ||     1
  Use: Scroll            |     3 |     2 |     1 |    13 |       ||    19
  Eat: Chunk             |     2 |     6 |    13 |    26 |       ||    47
       Ration            |       |       |       |     1 |       ||     1
Armor: Robe              |     7 |     5 |    23 |     9 |       ||    44
Dodge: Dodged            |    43 |    26 |   108 |    52 |       ||   229
Block: Shield            |       |       |       |    53 |     1 ||    54

Table legend:
 A = Non-vault XP
 B = Vault XP
 C = Vault XP percentage of total XP
 D = Non-vault monster count
 E = Vault monster count
 F = Vault count percentage of total count
                 A         B        C        D         E       F
            +---------+---------+-------+---------+---------+-------
      Total |   32140 |    9638 |  23.1 |     283 |     112 |  28.4
            +---------+---------+-------+---------+---------+-------
        D:1 |      47 |      17 |  26.6 |      25 |      11 |  30.6
        D:2 |      58 |       0 |   0.0 |      16 |       0 |   0.0
        D:3 |     137 |      41 |  23.0 |      19 |       3 |  13.6
        D:4 |     522 |      56 |   9.7 |      15 |       4 |  21.1
        D:5 |     460 |     456 |  49.8 |      12 |      20 |  62.5
        D:6 |     485 |       0 |   0.0 |      14 |       0 |   0.0
        D:7 |    1206 |     284 |  19.1 |      35 |       4 |  10.3
        D:8 |    1124 |    2356 |  67.7 |      23 |       8 |  25.8
        D:9 |    1048 |     355 |  25.3 |      33 |       1 |   2.9
     Lair:1 |    2483 |    1963 |  44.2 |      13 |      10 |  43.5
     Lair:2 |    3589 |    1393 |  28.0 |      18 |       3 |  14.3
     Lair:3 |    5822 |     266 |   4.4 |      21 |       1 |   4.5
     Lair:4 |    6611 |       0 |   0.0 |      24 |       0 |   0.0
     Lair:5 |    8548 |       0 |   0.0 |      15 |       0 |   0.0
    Ossuary |       0 |       3 | 100.0 |       0 |       3 | 100.0
     Bailey |       0 |    2448 | 100.0 |       0 |      44 | 100.0
            +---------+---------+-------+---------+---------+-------
